 Dungeon Sprint DCSS version bcrawl-1.20.1-3-gdcb1fc31ed (webtiles) character file.

Game seed: 823379884494743414

302 McKennaii the Arsonist (level 6, -5/45 HPs)
             Began as a Djinni Fire Elementalist on Feb 3, 2020.
             Was an Initiate of Vehumet.
             Slain by a yak (7 damage)
             ... in the Dungeon (Sprint I: "Red Sonja").
             The game lasted 00:01:39 (547 turns).

McKennaii the Arsonist (Djinni Fire Elementalist)    Turns: 547, Time: 00:01:40

Health: -5/45      AC:  2    Str: 11    XL:     6   Next: 14%
Magic:  8/16       EV: 14    Int: 19    God:    Vehumet [......]
Gold:   307        SH:  0    Dex: 11    Spells: 15/20 levels left

rFire    . . .     SeeInvis .   l - +2 dagger (venom)
rCold    . . .     Gourm    .   (no shield)
rNeg     . . .     Faith    .   a - +0 robe
rPois    .         Spirit   .   (no helmet)
rElec    .         Reflect  .   (no cloak)
rCorr    .         Harm     .   (no gloves)
MR       .....     Rnd*Rage +   (boots unavailable) Stlth ++........NoTele +
                                (no amulet)
HPRegen  0.15/turn              (no ring)
MPRegen  0.15/turn              (no ring)

@: flying
A: never pass out, berserk 2, blink, blurry vision 2, wild magic 2, MP-powered
wands, floating
a: Blink, Renounce Religion


You were in the Dungeon.
You worshipped Vehumet.
Vehumet was noncommittal.
You were not hungry.

You visited 1 branch You collected 307 gold pieces.

Inventory:

Hand Weapons
 l - a +2 dagger of venom (weapon)
Armour
 a - a +0 robe (worn)
Wands
 b - a wand of polymorph (5)
Scrolls
 j - a scroll of blinking
Potions
 d - a potion of curing
 f - a potion of heal wounds
 g - a potion of haste
 h - 2 potions of magic
 i - a potion of berserk rage
Comestibles
 e - a ration {!d}


   Skills:
 + Level 5.1 Dodging
 + Level 4.3 Stealth
 + Level 7.8 Spellcasting
 + Level 2.7 Conjurations
 + Level 11.3 Fire Magic


You had 15 spell levels left.
You knew the following spells:

 Your Spells              Type           Power        Failure   Level  Hunger
a - Flame Tongue          Conj/Fire      #####        2%          1    None
d - Sticky Flame          Conj/Fire      ######..     13%         4    ###....

Your spell library contained the following spells:

 Spells                   Type           Power        Failure   Level  Hunger
 Flaming Arrows           Chrm/Fire      #####...     4%          2    None
 Conjure Flame            Conj/Fire      ######..     5%          3    #......
 Inner Flame              Hex/Fire       N/A          8%          3    #......
 Fireball                 Conj/Fire      ######....   28%         5    #####..


Dungeon Overview and Level Annotations

Branches:
Dungeon (1/1)

Altars:
Cheibriados
Dithmenos
Elyvilon
Fedhas
Hepliaklqana
Kikubaaqudgha
Makhleb
Okawaru
Qazlal
Ru
Sif Muna
Trog
Uskayaw
Vehumet
Wu Jian
Xom
Yredelemnul
Zin
The Shining One

Shops:
D [


Innate Abilities, Weirdness & Mutations

You never pass out after going berserk.
You often lose your temper in combat.
You can translocate small distances at will.
Scrolls take you longer to read.
Your spells are harder to cast, but more powerful.
You expend magic power (3 MP) to strengthen your wands.
Your body floats in the air.


Message History

Aim: a yak (heavily wounded)
The flame tongue misses the yak.
The yak gores you!
Casting: Flame Tongue (safe; 2% risk of failure)
Confirm with . or Enter, or press ? or * to list all spells.
Aiming: Flame Tongue (safe; 2% risk of failure)
Press: ? - help, Shift-Dir - straight line, f/p - yak
Aim: a yak (heavily wounded)
The flame tongue hits the yak.
The yak is severely wounded.
The yak gores you!
* * * LOW HITPOINT WARNING * * *
Casting: Flame Tongue (safe; 2% risk of failure)
Confirm with . or Enter, or press ? or * to list all spells.
Aiming: Flame Tongue (safe; 2% risk of failure)
Press: ? - help, Shift-Dir - straight line, f/p - yak
Aim: a yak (severely wounded)
The flame tongue hits the yak.
The yak appears unharmed.
The yak is severely wounded.
The yak gores you!
You die...

################
#<.#.)'..#..'..#
#..').#..').#..+^J+
#..#####'#####'#__#
#..# #..#...#.####
#..#__####..##(#
#..#_____##'#_.+
#⌠⌠#_.∩...'Y@._#
####_..__##_.#'#
___ ##+#(# # ###


You could see a yak.

Vanquished Creatures
  Sigmund (D)
  An ogre (D)
  A jelly (D)
  Ijyb (D)
4 creatures vanquished.

Vanquished Creatures (others)
  A gargoyle (D)
1 creature vanquished.

Grand Total: 5 creatures vanquished

Notes
Turn   | Place    | Note
-------+----------+-------------------------------------------
     0 | D        | McKennaii the Djinni Fire Elementalist began the quest for
                  | the Orb.
     0 | D        | Reached XP level 1. HP: 14/14 MP: 4/4
     1 | D        | Noticed Ijyb
    15 | D        | Killed Ijyb
    15 | D        | Reached skill level 6 in Fire Magic
    15 | D        | Reached XP level 2. HP: 19/20 MP: 1/7
   283 | D        | Noticed an ogre
   288 | D        | Killed an ogre
   288 | D        | Reached skill level 5 in Spellcasting
   288 | D        | Reached skill level 8 in Fire Magic
   288 | D        | Reached XP level 3. HP: 26/26 MP: 2/10
   288 | D        | Gained mutation: Your spells are harder to cast, but more
                  | powerful. [Djinni growth]
   288 | D        | Gained mutation: You can translocate small distances at
                  | will. [Djinni growth]
   288 | D        | Reached XP level 4. HP: 33/33 MP: 2/11
   371 | D        | Noticed Sigmund
   380 | D        | Killed Sigmund
   380 | D        | Reached skill level 5 in Dodging
   380 | D        | Reached skill level 11 in Fire Magic
   380 | D        | Reached XP level 5. HP: 38/38 MP: 3/15
   380 | D        | Reached XP level 6. HP: 45/45 MP: 3/16
   473 | D        | Found a burning altar of Makhleb.
   473 | D        | Found a shimmering altar of Xom.
   473 | D        | Noticed a slime creature
   480 | D        | Found an ornate altar of the Wu Jian Council.
   480 | D        | Found a shimmering blue altar of Sif Muna.
   490 | D        | Found a radiant altar of Vehumet.
   503 | D        | Became a worshipper of Vehumet
   509 | D        | Learned a level 4 spell: Sticky Flame
   513 | D        | Killed a gargoyle
   537 | D        | Found Wele's Antique Armour Emporium.
   537 | D        | Found an ancient bone altar of Kikubaaqudgha.
   537 | D        | Found a hazy altar of Hepliaklqana.
   537 | D        | Found a stormy altar of Qazlal.
   537 | D        | Found a hide-covered altar of Uskayaw.
   537 | D        | Found a blossoming altar of Fedhas.
   537 | D        | Found a bloodstained altar of Trog.
   537 | D        | Found an iron altar of Okawaru.
   537 | D        | Found a basalt altar of Yredelemnul.
   537 | D        | Found a glowing golden altar of the Shining One.
   537 | D        | Found a snail-covered altar of Cheibriados.
   537 | D        | Found a sacrificial altar of Ru.
   537 | D        | Found a glowing silver altar of Zin.
   537 | D        | Found a shadowy altar of Dithmenos.
   537 | D        | Found a white marble altar of Elyvilon.
   537 | D        | Noticed a yak
   546 | D        | HP: 2/45 [yak (16)]
   547 | D        | Slain by a yak

Skill      XL: |  1  2  3  4 |
---------------+-------------+-----
Stealth        | 2 3 4 |  4.3
Spellcasting   | 4 5 7 |  7.8
Fire Magic     | 6 8 11 | 11.3
Dodging        | 3 5 |  5.1
Conjurations   | 2 |  2.7

Action                   |  1- 3 |  4- 6 || total
-------------------------+-------+-------++-------
Melee: Unarmed           |     9 |       ||     9
 Cast: Flame Tongue      |     7 |    22 ||    29
Armor: Robe              |     1 |       ||     1
Dodge: Dodged            |     4 |     6 ||    10
